TOP OF THE 1ST |
Red Deer Wranglers batting - Pitching for La Crosse Loggers : LHP Manuel Perea
|
Pitching: LHP Manuel Perea
|
|
Batting: RHB Xavier López
|
0-0: Ball 1-0: Ball 2-0: Ball 3-0: Base on Balls
|
Batting: LHB Jorge Olvera
|
0-0: Swinging Strike 0-1: Ball Throwing error on steal attempt, E2 Xavier López to third 1-1: Swinging Strike 1-2: Ball 2-2: Strikes out looking
|
Batting: RHB Luis Ibarra
|
0-0: Ball 1-0: Ground out 4-3 (Groundball, 4MS) Xavier López scores
|
Batting: LHB Fred Abrams
|
0-0: Swinging Strike 0-1: Swinging Strike 0-2: Ball 1-2: Foul Ball, location: 2F 1-2: Ball 2-2: Foul Ball, location: 2F 2-2: Foul Ball, location: 2F 2-2: Strikes out swinging
|
Top of the 1st over - 1 run(s), 0 hit(s), 1 error(s), 0 left on base; Red Deer 1 - La Crosse 0 |
BOTTOM OF THE 1ST |
La Crosse Loggers batting - Pitching for Red Deer Wranglers : RHP William Bryant
|
Pitching: RHP William Bryant
|
|
Batting: RHB Aurelio Cruz
|
0-0: Called Strike 0-1: Ball 1-1: Fly out, F5 (Line Drive, 56S)
|
Batting: RHB Júlio Sánchez
|
0-0: SINGLE (Line Drive, 89M)
|
Batting: LHB Ramón Córdova
|
0-0: Ball 1-0: Foul Ball, location: 2F 1-1: Ball 2-1: SINGLE (Flyball, 8LS) Júlio Sánchez to second
|
Batting: RHB Jesús Cabrera
|
0-0: Grounds into double play, 6-4-3 (Groundball, 6)
|
Bottom of the 1st over - 0 run(s), 2 hit(s), 0 error(s), 1 left on base; Red Deer 1 - La Crosse 0 |
TOP OF THE 2ND |
Red Deer Wranglers batting - Pitching for La Crosse Loggers : LHP Manuel Perea
|
Batting: RHB Ben Fisher
|
0-0: Called Strike 0-1: Called Strike 0-2: Ball 1-2: Strikes out swinging
|
Batting: LHB Andrew Veeck
|
0-0: Fly out, F7 (Flyball, 7S)
|
Batting: RHB Steve Burton
|
0-0: Ball 1-0: Swinging Strike 1-1: Called Strike 1-2: Ball 2-2: Foul Ball, location: 2F 2-2: Strikes out swinging
|
Top of the 2nd over - 0 run(s), 0 hit(s), 0 error(s), 0 left on base; Red Deer 1 - La Crosse 0 |
BOTTOM OF THE 2ND |
La Crosse Loggers batting - Pitching for Red Deer Wranglers : RHP William Bryant
|
Batting: SHB Dave Henley
|
0-0: Foul Ball, location: 2F 0-1: Called Strike 0-2: Ball 1-2: Fly out, F6 (Popup, 6D)
|
Batting: RHB Vicente Aguirre
|
0-0: Fly out, F9 (Flyball, 9LMF)
|
Batting: LHB Jeff Forsyth
|
0-0: Ball 1-0: Called Strike 1-1: DOUBLE (Flyball, 89XD)
|
Batting: RHB Robert Acosta
|
0-0: Called Strike 0-1: Ball 1-1: Fly out, F7 (Line Drive, 7)
|
Bottom of the 2nd over - 0 run(s), 1 hit(s), 0 error(s), 1 left on base; Red Deer 1 - La Crosse 0 |
TOP OF THE 3RD |
Red Deer Wranglers batting - Pitching for La Crosse Loggers : LHP Manuel Perea
|
Batting: RHB Ricardo González
|
0-0: Ball 1-0: Ball 2-0: Called Strike 2-1: Ball 3-1: Base on Balls
|
Batting: RHB Joe Lewis
|
0-0: Ball 1-0: Ball 2-0: 2-RUN HOME RUN (Flyball, 89XD), Distance : 379 ft
|
Batting: RHB Xavier López
|
0-0: Called Strike 0-1: Swinging Strike 0-2: Strikes out swinging
|
Batting: LHB Jorge Olvera
|
0-0: Ball 1-0: Ball 2-0: Foul Ball, location: 2F 2-1: Foul Ball, location: 2F 2-2: Foul Ball, location: 2F 2-2: Foul Ball, location: 2F 2-2: Foul Ball, location: 2F 2-2: Ball 3-2: Fly out, F7 (Flyball, 7LDF)
|
Batting: RHB Luis Ibarra
|
0-0: Called Strike 0-1: Foul Ball, location: 2F 0-2: Ball 1-2: SINGLE (Groundball, 2L) (infield hit)
|
Batting: LHB Fred Abrams
|
0-0: Swinging Strike 0-1: Foul Ball, location: 2F 0-2: Ball 1-2: Foul Ball, location: 2F 1-2: Foul Ball, location: 2F 1-2: Ball 2-2: DOUBLE (Flyball, 8RD) Luis Ibarra to third Runner from 3rd tries for Home, SAFE, no throw
|
Batting: RHB Ben Fisher
|
0-0: Ball 1-0: Swinging Strike 1-1: Foul Ball, location: 2F 1-2: Ball 2-2: Ball 3-2: Fly out, F6 (Popup, 56)
|
Top of the 3rd over - 3 run(s), 3 hit(s), 0 error(s), 1 left on base; Red Deer 4 - La Crosse 0 |
BOTTOM OF THE 3RD |
La Crosse Loggers batting - Pitching for Red Deer Wranglers : RHP William Bryant
|
Batting: RHB Troy Reed
|
0-0: Ball 1-0: Fly out, F8 (Flyball, 89D)
|
Batting: RHB Aurelio Cruz
|
0-0: Ball 1-0: Swinging Strike 1-1: Foul Ball, location: 2F 1-2: Foul Ball, location: 2F 1-2: Strikes out swinging
|
Batting: RHB Júlio Sánchez
|
0-0: Swinging Strike 0-1: Foul Ball, location: 2F 0-2: Ball 1-2: Ball 2-2: Fly out, F8 (Flyball, 89M)
|
Bottom of the 3rd over - 0 run(s), 0 hit(s), 0 error(s), 0 left on base; Red Deer 4 - La Crosse 0 |
TOP OF THE 4TH |
Red Deer Wranglers batting - Pitching for La Crosse Loggers : LHP Manuel Perea
|
Batting: LHB Andrew Veeck
|
0-0: Foul Ball, location: 2F 0-1: Ball 1-1: Swinging Strike 1-2: Ball 2-2: Ball 3-2: Foul Ball, location: 2F 3-2: Fly out, F7 (Line Drive, 78M)
|
Batting: RHB Steve Burton
|
0-0: SINGLE (Line Drive, 89S)
|
Batting: RHB Ricardo González
|
0-0: Grounds into double play, 6-4-3 (Groundball, 6)
|
Top of the 4th over - 0 run(s), 1 hit(s), 0 error(s), 0 left on base; Red Deer 4 - La Crosse 0 |
BOTTOM OF THE 4TH |
La Crosse Loggers batting - Pitching for Red Deer Wranglers : RHP William Bryant
|
Batting: LHB Ramón Córdova
|
0-0: SOLO HOME RUN (Flyball, 9D), Distance : 352 ft
|
Batting: RHB Jesús Cabrera
|
0-0: Ball 1-0: Called Strike 1-1: Foul Ball, location: 2F 1-2: Reached on error, E6 (Groundball, 6)
|
Batting: SHB Dave Henley
|
0-0: Called Strike Jesús Cabrera steals 3rd base 0-1: Ball 1-1: Fly out, F9 (Line Drive, 9) Runner from 3rd tags up, SCORES, no throw
|
Batting: RHB Vicente Aguirre
|
0-0: Ball 1-0: Called Strike 1-1: Ball 2-1: Ground out 5-3 (Groundball, 56)
|
Batting: LHB Jeff Forsyth
|
0-0: Called Strike 0-1: Foul Ball, location: 2F 0-2: Ball 1-2: Ball 2-2: Strikes out looking
|
Bottom of the 4th over - 2 run(s), 1 hit(s), 1 error(s), 0 left on base; Red Deer 4 - La Crosse 2 |
TOP OF THE 5TH |
Red Deer Wranglers batting - Pitching for La Crosse Loggers : LHP Manuel Perea
|
Batting: RHB Joe Lewis
|
0-0: Called Strike 0-1: Ball 1-1: Ball 2-1: Fly out, F4 (Line Drive, 4)
|
Batting: RHB Xavier López
|
0-0: Called Strike 0-1: Called Strike 0-2: Ball 1-2: Strikes out swinging
|
Batting: LHB Jorge Olvera
|
0-0: Called Strike 0-1: Foul Ball, location: 2F 0-2: Ball 1-2: Ball 2-2: Foul Ball, location: 2F 2-2: Ball 3-2: SINGLE (Groundball, 23) (infield hit)
|
Batting: RHB Luis Ibarra
|
0-0: Foul Ball, location: 2F 0-1: Ball 1-1: Ground out 4-3 (Groundball, 4S)
|
Top of the 5th over - 0 run(s), 1 hit(s), 0 error(s), 1 left on base; Red Deer 4 - La Crosse 2 |
BOTTOM OF THE 5TH |
La Crosse Loggers batting - Pitching for Red Deer Wranglers : RHP William Bryant
|
Batting: RHB Robert Acosta
|
0-0: Ball 1-0: Foul Ball, location: 2F 1-1: Ground out 5-3 (Groundball, 56)
|
Batting: RHB Troy Reed
|
0-0: Called Strike 0-1: Ball 1-1: Ball 2-1: DOUBLE (Groundball, 3L)
|
Batting: RHB Aurelio Cruz
|
0-0: Ball 1-0: Ball Troy Reed is caught stealing 3rd base 2-0: Ground out 6-3 (Groundball, 6M)
|
Bottom of the 5th over - 0 run(s), 1 hit(s), 0 error(s), 0 left on base; Red Deer 4 - La Crosse 2 |
TOP OF THE 6TH |
Red Deer Wranglers batting - Pitching for La Crosse Loggers : LHP Manuel Perea
|
Pitching: LHP Luis Alemán
|
|
Batting: LHB Fred Abrams
|
0-0: Called Strike 0-1: SINGLE (Groundball, 34D)
|
Batting: RHB Ben Fisher
|
0-0: Ball 1-0: Called Strike Fred Abrams steals 2nd base 1-1: Intentional Walk
|
Batting: LHB Andrew Veeck
|
0-0: Fielders Choice at 2nd, 5-4 (Groundball, 56) Fred Abrams to third
|
Batting: RHB Steve Burton
|
0-0: Ball Andrew Veeck steals 2nd base 1-0: Intentional Walk
|
Batting: RHB Ricardo González
|
0-0: Fly out, F9 (Flyball, 89S)
|
Batting: RHB Joe Lewis
|
0-0: Called Strike 0-1: Foul Ball, location: 2F 0-2: Ball 1-2: Foul Ball, location: 2F 1-2: Foul Ball, location: 2F 1-2: Strikes out swinging
|
Top of the 6th over - 0 run(s), 1 hit(s), 0 error(s), 3 left on base; Red Deer 4 - La Crosse 2 |
BOTTOM OF THE 6TH |
La Crosse Loggers batting - Pitching for Red Deer Wranglers : RHP William Bryant
|
Batting: RHB Júlio Sánchez
|
0-0: Foul Ball, location: 2F 0-1: Called Strike 0-2: Ball 1-2: Fly out, F4 (Line Drive, 4D)
|
Batting: LHB Ramón Córdova
|
0-0: Ball 1-0: Called Strike 1-1: Fly out, F6 (Popup, 56D)
|
Batting: RHB Jesús Cabrera
|
0-0: Called Strike 0-1: Ball 1-1: Ball 2-1: Ball 3-1: Ground out 4-3 (Groundball, 4)
|
Bottom of the 6th over - 0 run(s), 0 hit(s), 0 error(s), 0 left on base; Red Deer 4 - La Crosse 2 |
TOP OF THE 7TH |
Red Deer Wranglers batting - Pitching for La Crosse Loggers : LHP Luis Alemán
|
Batting: RHB Xavier López
|
0-0: Ball 1-0: Swinging Strike 1-1: Foul Ball, location: 2F 1-2: Foul Ball, location: 2F 1-2: Fly out, F2 (Popup, 3S)
|
Batting: LHB Jorge Olvera
|
0-0: Called Strike 0-1: Ball 1-1: Swinging Strike 1-2: Ball 2-2: Ball 3-2: Foul Ball, location: 2F 3-2: Base on Balls
|
Batting: RHB Luis Ibarra
|
0-0: Ball Balk! Jorge Olvera to second 1-0: Intentional Walk
|
Batting: LHB Fred Abrams
|
0-0: Ball 1-0: SINGLE (Groundball, 56D) Jorge Olvera to third Luis Ibarra to second Runner from 3rd tries for Home, SAFE, no throw
|
Pitching: RHP Christian Adkins
|
|
Batting: RHB Ben Fisher
|
0-0: Ball 1-0: Ball 2-0: Called Strike 2-1: Swinging Strike 2-2: Ball 3-2: Strikes out looking
|
Batting: LHB Andrew Veeck
|
0-0: Swinging Strike 0-1: Ball 1-1: Fly out, F8 (Flyball, 8LM)
|
Top of the 7th over - 1 run(s), 1 hit(s), 0 error(s), 2 left on base; Red Deer 5 - La Crosse 2 |
BOTTOM OF THE 7TH |
La Crosse Loggers batting - Pitching for Red Deer Wranglers : RHP William Bryant
|
Batting: SHB Dave Henley
|
0-0: Ball 1-0: Ball 2-0: Ball 3-0: Base on Balls
|
Batting: RHB Vicente Aguirre
|
0-0: Called Strike 0-1: Ball 1-1: DOUBLE (Groundball, 3L) Dave Henley to third
|
Batting: LHB Jeff Forsyth
|
0-0: Ball 1-0: Foul Ball, location: 2F 1-1: Swinging Strike 1-2: Strikes out swinging
|
Batting: RHB Robert Acosta
|
0-0: Fly out, F8 (Flyball, 78M) Runner from 3rd tags up, SCORES, no throw
|
Batting: RHB Troy Reed
|
0-0: Ball 1-0: Foul Ball, location: 2F 1-1: Swinging Strike 1-2: TRIPLE (Line Drive, 89M) Vicente Aguirre scores
|
Batting: RHB Aurelio Cruz
|
0-0: SINGLE (Groundball, 34D) Troy Reed scores
|
Batting: RHB Júlio Sánchez
|
0-0: Ball 1-0: Ball 2-0: Foul Ball, location: 2F 2-1: SINGLE (Line Drive, 3) Aurelio Cruz to second
|
Batting: LHB Ramón Córdova
|
0-0: Ball 1-0: Ball 2-0: Swinging Strike 2-1: Foul Ball, location: 2F 2-2: Ball 3-2: Foul Ball, location: 2F 3-2: Fly out, F8 (Flyball, 8LS)
|
Bottom of the 7th over - 3 run(s), 4 hit(s), 0 error(s), 2 left on base; Red Deer 5 - La Crosse 5 |
TOP OF THE 8TH |
Red Deer Wranglers batting - Pitching for La Crosse Loggers : RHP Christian Adkins
|
Batting: RHB Steve Burton
|
0-0: Ball 1-0: Ball 2-0: Foul Ball, location: 2F 2-1: Swinging Strike 2-2: Ball 3-2: Foul Ball, location: 2F 3-2: Foul Ball, location: 2F 3-2: Foul Ball, location: 2F 3-2: Foul Ball, location: 2F 3-2: Base on Balls
|
Batting: RHB Ricardo González
|
0-0: Ball 1-0: Swinging Strike 1-1: Called Strike 1-2: Strikes out looking
|
Batting: RHB Joe Lewis
|
0-0: Ball 1-0: Called Strike 1-1: Ball 2-1: SINGLE (Groundball, 34) (infield hit) Steve Burton to second
|
Batting: RHB Xavier López
|
0-0: Ball 1-0: Called Strike 1-1: Foul Ball, location: 2F 1-2: Ground out 5-3 (Groundball, 56S) Steve Burton to third Joe Lewis to second
|
Batting: LHB Jorge Olvera
|
0-0: Ball 1-0: Ball 2-0: Called Strike 2-1: Foul Ball, location: 2F 2-2: Ball 3-2: Base on Balls
|
Batting: RHB Luis Ibarra
|
0-0: SINGLE (Line Drive, 3) Steve Burton scores Joe Lewis to third Jorge Olvera to second Runner from 3rd tries for Home, SAFE, no throw
|
Pitching: RHP Ray Adams
|
|
Batting: LHB Fred Abrams
|
0-0: Ball 1-0: Called Strike 1-1: Swinging Strike 1-2: Strikes out swinging
|
Top of the 8th over - 2 run(s), 2 hit(s), 0 error(s), 2 left on base; Red Deer 7 - La Crosse 5 |
BOTTOM OF THE 8TH |
La Crosse Loggers batting - Pitching for Red Deer Wranglers : RHP William Bryant
|
Pitching: RHP Raúl Zumaya
|
|
Batting: RHB Jesús Cabrera
|
0-0: Called Strike 0-1: Ball 1-1: Ball 2-1: Ground out 1-3 (Groundball, 13S)
|
Batting: SHB Dave Henley
|
0-0: SINGLE (Groundball, 6MD)
|
Batting: RHB Vicente Aguirre
|
0-0: Called Strike 0-1: Foul Ball, location: 2F 0-2: Strikes out looking
|
Pitching: RHP Michael Walton
|
|
Batting: LHB Jeff Forsyth
|
0-0: Ball 1-0: Called Strike 1-1: Ball 2-1: Called Strike 2-2: Strikes out swinging
|
Bottom of the 8th over - 0 run(s), 1 hit(s), 0 error(s), 1 left on base; Red Deer 7 - La Crosse 5 |
TOP OF THE 9TH |
Red Deer Wranglers batting - Pitching for La Crosse Loggers : RHP Ray Adams
|
Batting: RHB Ben Fisher
|
0-0: Called Strike 0-1: Ball 1-1: Ball 2-1: Ball 3-1: Base on Balls
|
Batting: LHB Andrew Veeck
|
0-0: Called Strike 0-1: Fly out, F8 (Flyball, 8LM)
|
Batting: RHB Steve Burton
|
0-0: Foul Ball, location: 2F 0-1: Ball 1-1: Foul Ball, location: 2F 1-2: Ball 2-2: Ball 3-2: Foul Ball, location: 2F 3-2: Grounds into double play, 4-6-3 (Groundball, 4M)
|
Top of the 9th over - 0 run(s), 0 hit(s), 0 error(s), 0 left on base; Red Deer 7 - La Crosse 5 |
BOTTOM OF THE 9TH |
La Crosse Loggers batting - Pitching for Red Deer Wranglers : RHP Michael Walton
|
Pitching: LHP Manuel Gil
|
|
Batting: RHB Robert Acosta
|
0-0: Foul Ball, location: 2F 0-1: Ball 1-1: Ball 2-1: Fly out, F9 (Flyball, 9LS)
|
Batting: RHB Troy Reed
|
0-0: Ball 1-0: Fly out, F9 (Flyball, 9LMF)
|
Batting: RHB Aurelio Cruz
|
0-0: Foul Ball, location: 2F 0-1: Ball 1-1: Fly out, F4 (Popup, 34D)
|
Bottom of the 9th over - 0 run(s), 0 hit(s), 0 error(s), 0 left on base; Red Deer 7 - La Crosse 5 |
|